[Event "Team men HL 2016"]
[Site "Sochi"]
[Date "2016.05.09"]
[Round "8.2"]
[White "Paravyan, David"]
[Black "Levin, Evgeny A"]
[Result "1-0"]
[ECO "C11"]
[WhiteElo "2497"]
[BlackElo "2510"]
[PlyCount "79"]
[EventDate "2016.??.??"]
[TimeControl "6000+2280"]
[WhiteClock "0:38:33"]
[BlackClock "0:01:06"]

1. e4 e6 2. d4 d5 3. Nc3 Nf6 4. e5 Nfd7 5. f4 c5 6. Nf3 Nc6 7. Be3 Be7 8. Qd2
O-O 9. dxc5 Qa5 10. O-O-O Bxc5 11. a3 Rd8 12. Nd4 Bxd4 13. Bxd4 Nxd4 14. Qxd4
a6 15. f5 Qb6 16. Qf4 Qc7 17. fxe6 fxe6 18. Bd3 Rf8 19. Qh4 h6 {[#]} 20. Qe7
Qxe5 21. Rde1 Qf4+ 22. Kb1 Nf6 23. Rhf1 Qg5 (23... Qxh2 24. Rxf6 (24. Na4)
24... Rxf6 25. Qe8+ Rf8 26. Qg6 Rf6 27. Qe8+) 24. Rf3 Qh5 25. g4 Qe8 26. Qd6
Qd8 27. Qg3 d4 28. Ne4 (28. Ne2 b5 29. Nf4) 28... Nxe4 (28... Bd7 29. Nxf6+
Rxf6 30. Rxf6 Qxf6) 29. Rxe4 Rxf3 30. Qxf3 Qd5 {[#]} 31. Qf4 (31. g5 hxg5 32.
Qh5 Bd7 33. Re1) 31... Bd7 32. Rxd4 Qh1+ 33. Ka2 Bc6 34. Qe5 Qf3 35. Bc4 Re8 (
35... Qf6 36. Bxe6+ Kh8 37. Qxf6 gxf6 38. c4) 36. Rf4 Qg2 37. Bxe6+ Kh7 38. Rf7
Qxg4 {[#]} 39. Bf5+ Kg8 40. Rf8+ 1-0

[Event "Team men HL 2016"]
[Site "Sochi"]
[Date "2016.05.09"]
[Round "8.4"]
[White "Arslanov, Shamil"]
[Black "Palchun, Grigory"]
[Result "1-0"]
[ECO "A40"]
[WhiteElo "2398"]
[BlackElo "2320"]
[PlyCount "117"]
[EventDate "2016.??.??"]
[TimeControl "6000+1600"]
[WhiteClock "0:06:41"]
[BlackClock "0:19:36"]

1. d4 Nf6 2. c4 e6 3. g3 Bb4+ 4. Bd2 Qe7 5. Nf3 Bxd2+ 6. Qxd2 Nc6 7. Nc3 d5 8.
Bg2 dxc4 9. Ne5 Nxe5 10. dxe5 Nd7 11. Qd4 Qc5 12. Qxc5 Nxc5 13. Nb5 Kd8 14. Rc1
Bd7 15. Rxc4 Bxb5 16. Rxc5 c6 17. b3 Kc7 18. a4 Ba6 19. Kd2 Rad8+ 20. Ke3 Rd7
21. b4 Rhd8 22. Rhc1 Kb8 23. Rb1 Rd1 24. Rcc1 Rxc1 25. Rxc1 Rc8 26. f4 g6 27.
g4 Rc7 28. f5 exf5 29. gxf5 Re7 30. Kf4 Bxe2 31. f6 g5+ 32. Kf5 Re8 33. Bf1
Bxf1 34. Rxf1 Kc7 35. Re1 Kd7 36. Rd1+ Kc7 37. Re1 Kd7 38. Rd1+ Kc7 39. Rd4 b6
40. Re4 Kd7 41. Rd4+ Kc7 42. b5 c5 43. Rg4 h6 44. h4 Kd7 45. hxg5 hxg5 46. Rxg5
Rh8 {[#]} 47. e6+ fxe6+ 48. Ke5 Rh4 49. Rg7+ Ke8 50. Rxa7 c4 51. a5 c3 52. axb6
Rb4 53. Kxe6 Re4+ 54. Kf5 Rb4 {[#]} 55. Rc7 (55. b7 Rxb5+ 56. Kg6) 55... c2 56.
Rxc2 Rxb5+ 57. Kg6 Rxb6 58. Kg7 Rb7+ 59. Kg8 1-0